 Dungeon Crawl Stone Soup version 0.29.1-1-gd02db6906a (webtiles) character file.

Game seed: 3955434751353425204

66728 mortz the Unseen (level 15, 0/78 HPs)
             Began as a Kobold Conjurer on Sept 12, 2022.
             Was a High Priest of Dithmenos.
             Shot with a bolt by an orc warlord (27 damage)
             ... on level 2 of the Orcish Mines on Sept 16, 2022.
             The game lasted 02:59:14 (39456 turns).

mortz the Unseen (Kobold Conjurer)                 Turns: 39456, Time: 02:59:15

Health: 0/78       AC: 11    Str:  7    XL:     15   Next: 63%
Magic:  26/32      EV: 17    Int: 30    God:    Dithmenos [*****.]
Gold:   2546       SH:  0    Dex: 14    Spells: 9/41 levels left

rFire   . . .      SeeInvis .   a - staff of conjuration
rCold   + . .      Faith    .   (shield currently unavailable)
rNeg    . . .      Spirit   .   J - +2 robe {rC+}
rPois   .          Reflect  .   r - +2 hat
rElec   .          Harm     .   I - scarf {shadows}
rCorr   .          Rampage  .   G - +2 pair of gloves
Will    +....                   O - +1 pair of boots Stlth **++++++++
                                n - amulet of the acrobat
HPRegen 0.23/turn               Y - ring of wizardry
MPRegen 0.23/turn               W - +6 ring of intelligence

@: wreathed by umbra
A: small, no large weapons, nightstalker 3
a: Renounce Religion, Shadow Step, Shadow Form


You were on level 2 of the Orcish Mines.
You worshipped Dithmenos.
Dithmenos was extremely pleased with you.
You visited 4 branches of the dungeon, and saw 20 of its levels.

You collected 2579 gold pieces.
You spent 33 gold pieces at shops.

Inventory:

Hand Weapons
 b - a +3 dagger
 u - a +2 vorpal dagger
 v - a +0 dagger of holy wrath
 w - the +3 war axe of a sewer {protect, rF++ Str+4 SInv Stlth-}
   (You found it on level 4 of the Dungeon)

   It grants its wielder temporary protection when it strikes (+7 to AC).
   Str:       It affects your strength (+4).
   rF:        It greatly protects you from fire.
   SInv:      It lets you see invisible.
   Stlth:     It makes you less stealthy.
 P - a +5 falchion
 V - the +9 flail of Purpose {vorpal, Str+2}
   (You found it on level 1 of the Lair of Beasts)

   It inflicts extra damage upon your enemies.
   Str:       It affects your strength (+2).
Missiles
 t - 2 throwing nets
Armour
 r - a +2 hat (worn)
 B - a +2 chain mail of fire resistance
 G - a +2 pair of gloves (worn)
 I - a scarf of shadows (worn)
 J - a +2 robe of cold resistance (worn)
 O - a +1 pair of boots (worn)
 S - a scarf of resistance
 U - +0 ice dragon scales
 Z - the +1 ring mail of Infinity {-Tele rN+++ Dex+3}
   (You found it on level 3 of the Lair of Beasts)

   Dex:       It affects your dexterity (+3).
   rN:        It renders you almost immune to negative energy.
   -Tele:     It prevents most forms of teleportation.
Magical Staves
 a - a staff of conjuration (weapon)
 T - a staff of cold
Jewellery
 d - a ring of fire
 n - an amulet of the acrobat (around neck)
 p - a ring of flight
 s - a ring of poison resistance
 A - a ring of wizardry
 H - a ring of protection from cold
 N - a ring of protection from fire
 W - a +6 ring of intelligence (right hand)
 Y - a ring of wizardry (left hand)
Wands
 e - a wand of polymorph (5)
 k - a wand of paralysis (34)
 l - a wand of mindburst (14)
 C - a wand of iceblast (20)
 Q - a wand of digging (5)
 R - a wand of light (9)
 X - a wand of flame (10)
Scrolls
 i - 6 scrolls of teleportation
 m - 8 scrolls of identify
 q - a scroll of blinking
 y - 3 scrolls of butterflies
 D - 4 scrolls of fear
 M - a scroll of magic mapping
Potions
 c - 3 potions of attraction
 f - 7 potions of curing
 g - 2 potions of brilliance
 h - 4 potions of haste
 o - 7 potions of heal wounds
 x - 4 potions of ambrosia
 z - 5 potions of might
 E - 4 potions of cancellation
 F - 4 potions of flight
 K - 4 potions of resistance
 L - 6 potions of mutation
Miscellaneous
 j - a box of beasts


   Skills:
 + Level 3.5 Fighting
 + Level 4.6 Short Blades
 + Level 0.4 Axes
 + Level 3.7 Armour
 + Level 6.4 Dodging
 + Level 16.2 Stealth
 + Level 13.8 Spellcasting
 + Level 13.3 Conjurations
 + Level 1.5 Hexes
 + Level 11.3 Translocations
 * Level 5.4 Earth Magic
 + Level 2.5 Invocations
 + Level 1.3 Evocations


You had 9 spell levels left.
You knew the following spells:

 Your Spells              Type           Power      Damage    Failure   Level
a - Magic Dart            Conj           100%       1d8       0%          1
b - Searing Ray           Conj           100%       2d8       0%          2
c - Iskenderun's Mystic   Conj/Tloc      97%        2d19      1%          4
d - Dispersal             Tloc           36%        N/A       1%          6
e - Stone Arrow           Conj/Erth      100%       3d13      1%          3
f - Flame Wave            Conj/Fire      74%        2d16      1%          4
g - Mephitic Cloud        Conj/Pois/Air  64%        N/A       1%          3
h - Ensorcelled Hibernat  Hex/Ice        50%        N/A       1%          2
i - Call Canine Familiar  Summ           20%        N/A       2%          3
j - Fulminant Prism       Conj/Hex       39%        3d18      1%          4

Your spell library contained the following spells:

 Spells                   Type           Power      Damage    Failure   Level
 Apportation              Tloc           100%       N/A       0%          1
 Necrotise                Necr           80%        1d8       1%          1
 Sandblast                Erth           100%       2d20      1%          1
 Shock                    Conj/Air       100%       1d9       1%          1
 Slow                     Hex            100%       N/A       1%          1
 Summon Small Mammal      Summ           80%        N/A       1%          1
 Scorch                   Fire           40%        2d7       1%          2
 Dazzling Flash           Conj/Hex       100%       N/A       1%          3
 Gell's Gravitas          Tloc           73%        N/A       1%          3
 Lesser Beckoning         Tloc           73%        N/A       1%          3
 Portal Projectile        Hex/Tloc       100%       N/A       1%          3
 Teleport Other           Tloc           73%        N/A       1%          3
 Inner Flame              Hex/Fire       25%        N/A       2%          3
 Ozocubu's Armour         Ice            20%        N/A       2%          3
 Swiftness                Air            21%        N/A       2%          3
 Leda's Liquefaction      Hex/Erth       20%        N/A       2%          4
 Animate Armour           Summ/Erth      74%        N/A       3%          4
 Petrify                  Tmut/Erth      37%        N/A       3%          4
 Corpse Rot               Necr/Pois/Air  21%        N/A       9%          4
 Starburst                Conj/Fire      37%        6d11      10%         6
 Silence                  Hex/Air        12%        N/A       19%         5
 Statue Form              Tmut/Erth      24%        N/A       41%         6
 Lehudib's Crystal Spear  Conj/Erth      43%        10d10     75%         8
 Summon Cactus Giant      Summ           10%        N/A       78%         6
 Ozocubu's Refrigeration  Ice            10%        4d9       100%        7
 Shatter                  Erth           26%        3d22*     100%        9


Dungeon Overview and Level Annotations

Branches:
Dungeon (12/15) Zot: 18988  Temple (1/1) D:6 Zot: 5916    Lair (5/5) D:8 Zot: 13779
  Swamp (0/4) Lair:2        Snake (0/4) Lair:3        Slime (0/5) Lair:5
    Orc (2/2) D:12 Zot: 9332     Elf (0/3) Orc:2

Altars:
Ashenzari
Cheibriados
Dithmenos
Elyvilon
Fedhas
Gozag
Hepliaklqana
Kikubaaqudgha
Makhleb
Nemelex Xobeh
Okawaru
Qazlal
Ru
Sif Muna
Trog
Uskayaw
Vehumet
Wu Jian
Xom
Yredelemnul
Zin
The Shining One
Jiyva

Shops:
D:5 !   D:8 *

Annotations:
D:3 3 runed translucent doors
D:5 Grinder


Innate Abilities, Weirdness & Mutations

You are small and have problems with some larger weapons.
You are completely attuned to the shadows.


Message History

Dithmenos accepts your kill.
You start resting.
Magic restored.
An orc warrior comes into view. It is wielding a +0 dire flail.
You feel a surge of power!
The stone arrow hits the orc warrior.
The orc warrior is lightly wounded.
The orc warrior shouts!
Your shadow mimicks your spell!
The shadow shard hits the orc warrior!!
The orc warrior shouts!
You hear a shout! x8
You feel a surge of power!
The stone arrow hits the orc warrior!!
You kill the orc warrior!
Dithmenos accepts your kill.
You hear a shout! x4
An orc wizard comes into view. It is wielding a +1 dagger of speed.
You feel a surge of power!
The stone arrow hits the orc wizard!
The orc wizard is almost dead.
The orc wizard shouts!
You hear a shout! x5
You feel a surge of power!
The stone arrow hits the orc wizard!!
You kill the orc wizard!
Dithmenos accepts your kill.
An orc warlord is nearby!
Things that are here:
a +0 halberd; a +0 chain mail
Things that are here:
a +0 plate armour; a +3 war axe
There is a stone staircase leading up, spattered with blood here.
You feel a surge of power!
The stone arrow hits the orc warlord!
The orc warlord is lightly wounded.
The orc warlord unwields a +3 vorpal halberd.
The orc warlord wields a +0 arbalest.
The orc warlord shoots a bolt.
The bolt hits you!!
You feel a surge of power!
The stone arrow hits the orc warlord!
The orc warlord is moderately wounded.
Your shadow mimicks your spell!
The shadow shard hits the orc warlord!
The orc warlord shoots a bolt.
The bolt hits you!!
You are too injured to fight recklessly!
The orc warlord shoots a bolt.
The bolt hits you!!
You die...

##................##....#
##.......................#
#.......#...............##
#...#...................##
...#.......^.#...#.......#
#.###...................##
..##.#..................##
.........................#
#.##.........o)[@.......##
..).....................#
.......................##
...#....................##
...#.....................#
.........................#
..........#.........^...##
........###..............#
................##......##


You could see an orc warlord.

Vanquished Creatures
  Nessos (D:12)
  Snorg (Lair:4)
  Erolcha (D:9)
  Josephine (Lair:3)
  5 boulder beetles
  Fannar (Lair:1)
  2 hydras
  An ice dragon (Lair:5)
  2 catoblepae
  2 two-headed ogres
  A tengu warrior (D:12)
  2 orc high priests (Orc:2)
  Nergalle (Lair:1)
  A bog body (Lair:2)
  Pikel (D:9)
  A wizard (D:11)
  4 orc knights
  A necromancer (D:11)
  A lindwurm (Lair:5)
  2 deep elf pyromancers (D:12)
  An orc sorcerer (Orc:2)
  4 oklob plants
  9 elephants
  A black mamba (Lair:4)
  Joseph (D:8)
  A gargoyle (D:11)
  7 torpor snails
  14 cane toads
  A rime drake (Lair:3)
  7 komodo dragons
  A troll (D:12)
  10 polar bears (Lair:5)
  Prince Ribbit (D:7)
  9 hornets
  14 blink frogs
  4 raiju (Lair:5)
  14 slime creatures (D:12)
  4 tyrant leeches (Lair:5)
  9 dream sheep
  2 shadows
  27 yaks
  3 fire bats (Lair:1)
  7 wraiths
  3 basilisks
  3 wyverns
  14 wargs
  6 nagas (Lair:3)
  2 vampire mosquitoes (D:12)
  2 acid dragons
  13 hell hounds (Lair:5)
  15 water moccasins
  A floating eye (Lair:4)
  22 orc warriors
  2 ogres (Orc:2)
  15 black bears
  4 centaurs
  32 wolves
  A phantom (D:6)
  3 lemures
  3 kobold brigands
  11 bullfrogs
  A necrophage (D:7)
  2 scorpions
  14 wights
  2 electric eels (Lair:1)
  2 howler monkeys (D:8)
  11 orc priests
  5 hounds
  7 jellies
  A gnoll bouda (Orc:1)
  6 iguanas
  Natasha (thrice) (D:2)
  3 yak simulacra (D:11)
  18 orc wizards
  2 polar bear simulacra (D:11)
  4 wolf simulacra (D:11)
  13 gnolls
  12 adders
  2 shadow imps
  A white imp (D:6)
  A worm (D:2)
  3 dart slugs
  38 orcs
  4 bats
  19 endoplasms
  5 giant cockroaches
  8 hobgoblins
  6 jackals
  5 quokkas
  7 ball pythons
  4 frilled lizards
  8 goblins
  20 kobolds
  6 rats
  2 river rat simulacra (D:11)
  A bush (Lair:4)
581 creatures vanquished.

Vanquished Creatures (others)
  22 fulminant prisms
  80 fungi
  94 plants
196 creatures vanquished.

Grand Total: 777 creatures vanquished

Notes
Turn   | Place    | Note
-------+----------+-------------------------------------------
     0 | D:1      | mortz the Kobold Conjurer began the quest for the Orb.
     0 | D:1      | Reached XP level 1. HP: 10/10 MP: 3/3
   297 | D:1      | Reached XP level 2. HP: 15/15 MP: 5/5
   300 | D:1      | Learned a level 2 spell: Searing Ray
   359 | D:1      | Reached XP level 3. HP: 14/19 MP: 4/6
   537 | D:1      | Reached skill level 3 in Stealth
   562 | D:1      | Found a faded altar of an unknown god.
  1072 | D:2      | Reached skill level 5 in Conjurations
  1182 | D:2      | Reached XP level 4. HP: 20/24 MP: 2/7
  1310 | D:2      | Reached skill level 4 in Stealth
  1494 | D:2      | Reached XP level 5. HP: 28/28 MP: 8/8
  2374 | D:2      | Reached skill level 5 in Stealth
  2502 | D:2      | Noticed Natasha
  2511 | D:2      | Killed Natasha
  2900 | D:2      | Noticed Natasha
  2910 | D:2      | Killed Natasha
  2911 | D:2      | Reached XP level 6. HP: 32/32 MP: 1/9
  2983 | D:2      | Learned a level 4 spell: Iskenderun's Mystic Blast
  4010 | D:2      | Noticed Natasha
  4014 | D:2      | Killed Natasha
  4299 | D:3      | Found a runed translucent gate.
  4299 | D:3      | Found a runed translucent gate.
  4300 | D:3      | Found a runed translucent gate.
  4332 | D:3      | Reached skill level 6 in Stealth
  5100 | D:4      | Identified the +3 war axe of a sewer {protect, rF++ Str+4
                  | SInv Stlth-}
  5186 | D:4      | Reached skill level 1 in Translocations
  5639 | D:4      | Reached XP level 7. HP: 31/37 MP: 0/11
  5913 | D:4      | Reached skill level 1 in Fighting
  5913 | D:4      | Reached skill level 1 in Short Blades
  6119 | D:5      | Entered Level 5 of the Dungeon
  6190 | D:5      | Found Usaokeub's Distillery.
  6194 | D:5      | Bought a potion of curing for 33 gold pieces
  6317 | D:5      | Reached skill level 7 in Stealth
  6386 | D:5      | Noticed Grinder
  6700 | D:5      | Paralysed by Grinder for 4 turns
  6708 | D:5      | Paralysed by Grinder for 2 turns
  6730 | D:5      | Reached XP level 8. HP: 19/43 MP: 1/12
  8164 | D:6      | Reached skill level 8 in Stealth
  8199 | D:6      | Found a radiant altar of Vehumet.
  8271 | D:6      | Reached skill level 9 in Stealth
  8629 | D:6      | Reached XP level 9. HP: 47/47 MP: 15/15
  8691 | D:6      | Found a staircase to the Ecumenical Temple.
  8697 | Temple   | Entered the Ecumenical Temple
  8762 | Temple   | Became a worshipper of Dithmenos the Shadowed
  8815 | D:6      | Identified 3 scrolls of acquirement
  8815 | D:6      | Acquired a staff of conjuration
  8818 | D:6      | Acquired the Cyclopedia of Earthen Incandescence
  8821 | D:6      | Acquired Towea's Tractate on Poisoning and Conduction
  8827 | D:6      | Learned a level 3 spell: Mephitic Cloud
  8937 | D:7      | Reached skill level 10 in Stealth
  8939 | D:7      | Reached skill level 5 in Spellcasting
  9212 | D:7      | Noticed Prince Ribbit
  9217 | D:7      | Killed Prince Ribbit
  9322 | D:7      | Reached skill level 11 in Stealth
  9989 | D:8      | Reached XP level 10. HP: 53/53 MP: 13/18
 10025 | D:8      | Reached skill level 1 in Armour
 10254 | D:8      | Noticed Joseph
 10263 | D:8      | Killed Joseph
 10264 | D:8      | Reached skill level 5 in Translocations
 10358 | D:8      | Reached skill level 12 in Stealth
 10410 | D:8      | Reached * piety under Dithmenos
 10931 | D:8      | Noticed a two-headed ogre
 11082 | D:8      | Found Paysown's General Store.
 11106 | D:8      | Found a staircase to the Lair.
 11301 | D:8      | Killed a two-headed ogre
 12213 | D:9      | Learned a level 3 spell: Stone Arrow
 12228 | D:9      | Reached XP level 11. HP: 48/57 MP: 12/22
 12331 | D:9      | You are sucked into a shaft and drop 3 floors!
 12337 | D:12     | Noticed a deep elf pyromancer
 12383 | D:12     | Noticed a boulder beetle
 12537 | D:10     | Entered Level 10 of the Dungeon
 13577 | D:9      | Found a stormy altar of Qazlal.
 13579 | D:9      | Found a broken altar of Ashenzari.
 13776 | D:9      | Noticed Erolcha
 13784 | D:9      | Killed Erolcha
 13964 | D:9      | Noticed Pikel
 14882 | D:9      | Found a stormy altar of Qazlal.
 14886 | D:9      | Found a broken altar of Ashenzari.
 14938 | D:9      | Killed Pikel
 17061 | Lair:1   | Entered Level 1 of the Lair of Beasts
 17515 | Lair:1   | Noticed Fannar
 17523 | Lair:1   | Killed Fannar
 17578 | Lair:1   | Reached skill level 10 in Conjurations
 17830 | Lair:1   | Reached XP level 12. HP: 57/62 MP: 13/24
 17981 | Lair:1   | Noticed Nergalle
 17986 | Lair:1   | Killed Nergalle
 17987 | Lair:1   | Reached skill level 13 in Stealth
 18067 | Lair:1   | Reached ** piety under Dithmenos
 18218 | Lair:1   | Identified the +9 flail of Purpose {vorpal, Str+2}
 18470 | Lair:1   | Learned a level 4 spell: Fulminant Prism
 18741 | Lair:2   | Noticed a boulder beetle
 18974 | Lair:2   | Reached skill level 1 in Hexes
 19417 | Lair:2   | Learned a level 6 spell: Dispersal
 19587 | Lair:2   | Reached skill level 14 in Stealth
 19717 | Lair:2   | Reached *** piety under Dithmenos
 19729 | Lair:2   | Reached skill level 5 in Dodging
 20057 | Lair:2   | Killed a boulder beetle
 20357 | Lair:2   | Found a staircase to the Swamp.
 20681 | Lair:3   | Noticed a catoblepas
 20687 | Lair:3   | Killed a catoblepas
 20688 | Lair:3   | Reached skill level 10 in Spellcasting
 20688 | Lair:3   | Reached XP level 13. HP: 62/68 MP: 21/27
 20731 | Lair:3   | Noticed a seven-headed hydra
 20740 | Lair:3   | Killed a seven-headed hydra
 20741 | Lair:3   | Reached skill level 1 in Evocations
 21007 | Lair:3   | Identified the +1 ring mail of Infinity {-Tele rN+++ Dex+3}
 21242 | Lair:3   | Noticed Josephine
 22662 | Lair:3   | Found a staircase to the Snake Pit.
 23697 | Lair:3   | Killed Josephine
 24138 | Lair:3   | Found a staircase to the Snake Pit.
 24908 | Lair:4   | Noticed Snorg
 24916 | Lair:4   | Killed Snorg
 26940 | Lair:4   | Reached skill level 10 in Translocations
 27354 | Lair:4   | Reached **** piety under Dithmenos
 27475 | Lair:4   | Reached XP level 14. HP: 74/74 MP: 3/29
 28284 | Lair:4   | Upgraded the game from 0.29.1 to 0.29.1-1-gd02db6906a
 28285 | Lair:5   | Entered Level 5 of the Lair of Beasts
 28356 | Lair:5   | Reached skill level 1 in Earth Magic
 29139 | Lair:5   | Found a viscous altar of Jiyva.
 29140 | Lair:5   | Found a staircase to the Slime Pits.
 29733 | Lair:5   | Found a runed translucent door.
 29810 | Lair:5   | Reached skill level 1 in Invocations
 30085 | Lair:5   | Reached skill level 15 in Stealth
 31137 | Lair:5   | Reached ***** piety under Dithmenos
 32060 | Lair:5   | Found a staircase to the Slime Pits.
 32060 | Lair:5   | Found a viscous altar of Jiyva.
 33530 | D:11     | Learned a level 4 spell: Flame Wave
 33534 | D:11     | Learned a level 3 spell: Call Canine Familiar
 33614 | D:11     | Reached XP level 15. HP: 78/78 MP: 14/32
 34672 | D:12     | Got the Papyrus of Plaster Cramp
 34710 | D:12     | Got Ts'ui PĂȘn's Compendium of Forking Paths
 34714 | D:12     | Learned a level 2 spell: Ensorcelled Hibernation
 34980 | D:12     | Got the Directory of Combed Thunderclap
 34988 | D:12     | Found a staircase to the Orcish Mines.
 35509 | D:12     | Noticed Nessos
 35519 | D:12     | Killed Nessos
 36444 | D:12     | Found a staircase to the Orcish Mines.
 36590 | Orc:1    | Entered Level 1 of the Orcish Mines
 37138 | Orc:1    | You fall into a shaft and drop 1 floor!
 37138 | Orc:2    | Entered Level 2 of the Orcish Mines
 37423 | Orc:1    | Reached skill level 5 in Earth Magic
 37681 | Orc:1    | Found an iron altar of Okawaru.
 37922 | Orc:2    | Reached skill level 16 in Stealth
 38744 | Orc:2    | Found a staircase to the Elven Halls.
 39062 | Orc:2    | Noticed an orc warlord
 39456 | Orc:2    | Shot with a bolt by an orc warlord

Illustrated notes

Levels and vault maps discovered:
D:1:      amcnicky_arrival_feature_with_door, layout_loops_cross,
          chequers_ecumenical_altar_lobes
D:2:      layout_basic, minmay_misc_feat_pillars, dreamdust_mushroom_princess,
          minmay_ruptured, uniq_natasha
D:3:      layout_basic, gammafunk_ghost_icy
D:4:      layout_basic, minmay_misc_feat_nine_boxes, st_stairs_7,
          kennysheep_generic_room_7
D:5:      layout_layer_cave, serial_shops, nicolae_shop_waterfront, uniq_grinder
D:6:      layout_rooms, mainiacjoe_overflow_paths,
          minmay_temple_entry_nine_rooms, corexii_hall_statues_s,
          dk_noncrumbling_3
D:7:      layout_cave_pools, minmay_misc_feat_doors, minivault_26,
          uniq_prince_ribbit1
D:8:      layout_loops_ring, erik_lair_orcish_takeover, serial_shops,
          nicolae_shop_crystal, uniq_joseph
D:9:      layout_layer_cave, chequers_temple_overflow_statue_of_worship,
          grunt_ministairs_8, serial_bayou_pond_e, hangedman_decor_growths,
          uniq_erolcha, uniq_pikel
D:10:     layout_cave_pools, serial_column_ruins, column_ruins_grid_5,
          column_ruins_hut_ruined, column_ruins_open_small, column_ruins_grid_1,
          column_ruins_columns_corner, column_ruins_columns_straight,
          column_ruins_grid_1, column_ruins_open_large
D:11:     layout_irregular_city, eino_house_with_fridge
D:12:     layout_rooms, minmay_orc_entry_guard_dogs, bh_hangedman_babel_library,
          uniq_nessos
Temple:   hellmonk_temple_of_storms
Lair:1:   lemuel_slime, layout_gridlike, serial_bayou_shore_b,
          grunt_megastairs_5, uniq_fannar, uniq_nergalle
Lair:2:   layout_loops_ring, skrybe_swamp_entry_bodies,
          chequers_serial_rivers_micro_a, nzn_sisyphean_effort
Lair:3:   layout_cave_pods, minmay_snake_entry_guardpost_medium, uniq_josephine
Lair:4:   layout_concentric_octagons, disabler_island, uniq_snorg
Lair:5:   hangedman_lair_caniforms_friends, layout_regular_city, wormcave,
          slime_entry_1
Orc:1:    minmay_goldmine, layout_caves, basic_altar, okawaru_metal_pillars_3,
          uniq_sonja
Orc:2:    grunt_orc_cross, layout_caves, nicolae_orc_crystal_geode

Skill      XL: |  1  2  3  4  5  6  7  8  9 10 11 12 13 14 15 |
---------------+----------------------------------------------+-----
Stealth        | 3 4 5 6 7 9 11 12 14 15 16 | 16.2
Conjurations   | 5 6 7 8 10 11 12 13 | 13.3
Translocations | 1 2 3 4 6 7 8 10 11 | 11.3
Fighting       | 1 2 3 |  3.5
Short Blades   | 1 2 3 4 |  4.6
Spellcasting   | 3 4 5 7 8 10 11 13 | 13.8
Dodging        | 3 4 5 6 |  6.4
Armour         | 1 3 |  3.7
Hexes          | 1 |  1.5
Evocations     | 1 |  1.3
Earth Magic    | 3 5 |  5.4
Invocations    | 2 |  2.5
Axes           | |  0.4

Action                   |  1- 3 |  4- 6 |  7- 9 | 10-12 | 13-15 || total
-------------------------+-------+-------+-------+-------+-------++-------
Melee: Dagger            |    17 |    29 |    24 |    36 |    76 ||   182
       War axe           |       |       |     6 |       |       ||     6
       Staff             |       |       |     1 |       |     1 ||     2
 Cast: Magic Dart        |     7 |       |       |       |       ||     7
       Searing Ray       |     4 |    38 |    37 |    88 |    49 ||   216
       Iskenderun's Myst |       |       |     7 |    73 |   127 ||   207
       Fulminant Prism   |       |       |       |     5 |    17 ||    22
       Stone Arrow       |       |       |       |       |   283 ||   283
       Mephitic Cloud    |       |       |       |       |     5 ||     5
       Ensorcelled Hiber |       |       |       |       |     1 ||     1
       Flame Wave        |       |       |       |       |     1 ||     1
Evoke: Wand              |       |       |       |     9 |     7 ||    16
  Use: Scroll            |     4 |     3 |    14 |     8 |     4 ||    33
       Potion            |       |       |       |     1 |     3 ||     4
 Stab: Sleeping          |    16 |    17 |    24 |    35 |    62 ||   154
       Distracted        |       |       |       |     1 |     1 ||     2
       Paralysed         |       |       |       |       |     1 ||     1
Armor: Robe              |     2 |     7 |    21 |    14 |    46 ||    90
       Leather armour    |       |       |     3 |    19 |       ||    22
Dodge: Dodged            |     9 |    38 |    50 |   134 |   294 ||   525
